 Dungeon Crawl Stone Soup version 0.18-b1-22-ge198996 (webtiles) character file.

154 Wooh the Covered (level 5, 0/30 HPs)
             Began as a Gargoyle Gladiator on May 4, 2016.
             Killed by nerve-wracking pain
             ... invoked by Grinder
              (13 damage)
             ... on level 2 of the Dungeon.
             The game lasted 00:06:41 (1609 turns).

Wooh the Covered (Gargoyle Gladiator)               Turns: 1609, Time: 00:06:42

Health: 0/30       AC: 15    Str: 20    XL:     5   Next: 35%
Magic:  5/5        EV:  8    Int:  8    God:
Gold:   78         SH:  0    Dex: 10    Spells: 0 memorised, 4 levels left

rFire  . . .     SeeInvis .     a - +0 quarterstaff
rCold  + . .     Gourm    .     p - +0 chain mail
rNeg   + . .     Faith    .     (shield currently unavailable)
rPois  ∞         Spirit   .     c - +0 helmet
rElec  +         Dismiss  .     (no cloak)
rCorr  .         Reflect  .     (no gloves)
SustAt .         Harm     .     (no boots)
MR     +....                    (no amulet)
Stlth  ..........               j - ring of protection from cold
                                e - ring of protection from magic

@: somewhat resistant to hostile enchantments, extremely unstealthy
A: negative energy resistance 1, electricity resistance, unbreathing,
petrification resistance, rot immunity, AC +4
a: no special abilities


You were on level 2 of the Dungeon.
You were very hungry.

You visited 1 branch of the dungeon, and saw 3 of its levels.

You collected 78 gold pieces.

Inventory:

Hand Weapons
 a - a +0 quarterstaff (weapon)
Missiles
 w - 14 sling bullets
 x - 9 arrows
Armour
 b - a +0 leather armour
 c - a +0 helmet (worn)
 p - a +0 chain mail (worn)
Jewellery
 e - a ring of protection from magic (left hand)
 j - a ring of protection from cold (right hand)
 s - an uncursed ring of sustain attributes {unknown}
Scrolls
 i - a scroll of immolation {unknown}
 k - 2 scrolls of identify {unknown}
 l - 2 scrolls of enchant armour {unknown}
 m - a scroll of magic mapping {unknown}
 n - a scroll of enchant weapon {unknown}
 o - 3 scrolls of teleportation {unknown}
 r - a scroll of amnesia {unknown}
 t - 2 scrolls of fog {unknown}
 u - a scroll of blinking {unknown}
 v - 2 scrolls of random uselessness {unknown}
Potions
 g - a potion of might {unknown}
 h - a potion of cancellation {unknown}
Comestibles
 f - 2 bread rations


   Skills:
 - Level 2.1 Fighting
 - Level 3.0 Staves
 - Level 1.7 Throwing
 + Level 5.3 Armour
 - Level 2.4 Dodging


You had 4 spell levels left.
You didn't know any spells.

Dungeon Overview and Level Annotations

Branches:
Dungeon (3/15)

Altars:
Cheibriados
Elyvilon

Annotations:
D:2 Grinder
D:3 Locb's ghost, amateur TrBe


Innate Abilities, Weirdness & Mutations

You are resistant to torment.
Your stone body is resilient (AC +4).
You are immune to poison.
You resist negative energy.
You are resistant to electric shocks.
You can survive without breathing.
You are immune to petrification.
You are immune to rotting.


Message History

Grinder barely misses you. Grinder hits you.
You hit Grinder.
Grinder is severely wounded.
Grinder blinks!
Grinder drinks a potion.
Grinder is healed!
Things that are here:
a throwing net; 2 throwing nets Grinder gestures at you.
You resist with almost no effort.
You closely miss Grinder.
Grinder is moderately wounded.
Grinder barely misses you.
You sock Grinder!
Grinder is heavily wounded.
Grinder barely misses you.
You hit Grinder.
Grinder is severely wounded.
Grinder gestures at you. Pain shoots through your body!
You die...

#.# #.###.#.###..#.... #.#
#.# #.#.# #..##... #.# #.#
#.#.# #..###.. #.# #.#
#.#.# #..# #.. #.#
#.###.#.###..###.#
##.######.##..........)..#
#..............####..##...
#..####.#.5...............
#..# #.#@##.#..###.###...
#..# #.#(##.#..###.# ##.#
#.## #.#...........# #.#
#.# #.####....##### #.#
####.#####.# #.#)## #..
#..........# #.#)## #..
#.##.####.## #....#### #..
#>##.####.## ##.......#
#.. #....<)....#
#........#####.#


You could see Grinder.

Vanquished Creatures
  Jessica (D:1)
  Natasha (thrice) (D:2)
  Robin (D:2)
  3 bats
  A giant cockroach (D:2)
  12 hobgoblins
  5 kobolds
  4 giant newts
  8 goblins
  6 rats
44 creatures vanquished.

Notes
Turn   | Place    | Note
--------------------------------------------------------------
     0 | D:1      | Wooh the Gargoyle Gladiator began the quest for the Orb.
     0 | D:1      | Reached XP level 1. HP: 12/12 MP: 1/1
    41 | D:1      | Reached skill level 1 in Armour
   265 | D:1      | Reached XP level 2. HP: 17/17 MP: 2/2
   399 | D:1      | Reached skill level 2 in Armour
   763 | D:2      | Noticed Natasha
   768 | D:2      | Noticed Jessica
   771 | D:2      | Killed Natasha
   771 | D:2      | Reached skill level 3 in Armour
   771 | D:2      | Reached XP level 3. HP: 9/21 MP: 3/3
   776 | D:2      | Noticed Robin
   812 | D:1      | Killed Jessica
   812 | D:1      | Reached skill level 4 in Armour
   812 | D:1      | Reached XP level 4. HP: 9/26 MP: 4/4
  1110 | D:2      | Found a snail-covered altar of Cheibriados.
  1111 | D:2      | Noticed Natasha
  1120 | D:2      | Killed Natasha
  1227 | D:2      | Killed Robin
  1227 | D:2      | Reached XP level 5. HP: 20/30 MP: 5/5
  1229 | D:2      | Reached skill level 5 in Armour
  1303 | D:2      | Found a white marble altar of Elyvilon.
  1496 | D:2      | Noticed Natasha
  1504 | D:2      | Killed Natasha
  1518 | D:3      | Noticed Grinder
  1518 | D:3      | Noticed Locb's ghost (amateur TrBe)
  1609 | D:2      | Killed from afar by Grinder

Skill      XL: |  1  2  3  4  5 |
---------------+----------------+-----
Armour         | 1 3 4 5 |  5.3
Fighting       | |  2.1
Staves         | |  3.0
Throwing       | |  1.7
Dodging        | |  2.4

Action                   |  1- 3 |  4- 6 || total
-------------------------+-------+-------++-------
Melee: Quarterstaff      |    78 |    66 ||   144
Throw: Throwing net      |       |     3 ||     3
  Eat: Chunk             |       |     1 ||     1
Armor: Leather armour    |    32 |    17 ||    49
       Chain mail        |       |     5 ||     5
Dodge: Dodged            |    62 |    41 ||   103
